 Dungeon Crawl Stone Soup version 0.18-a0-844-g9229740 (webtiles) character file.

59 JokEr the Insei (level 4, 0/29 HPs)
             Began as an Octopode Transmuter on Dec 18, 2015.
             Succumbed to an adder's poison
             ... on level 2 of the Dungeon.
             The game lasted 00:03:49 (1278 turns).

JokEr the Insei (Octopode Transmuter)               Turns: 1278, Time: 00:03:49

Health: 0/29       AC:  1    Str:  9    XL:     4   Next: 3%
Magic:  7/7        EV: 12    Int: 16    God:
Gold:   93         SH:  0    Dex: 12    Spells: 1 memorised, 6 levels left

rFire  . . .     SeeInvis .       - Unarmed
rCold  . . .     Gourm    .     (no shield)
rNeg   . . .     Faith    .     (helmet restricted)
rPois  .         Spirit   .     (no amulet)
rElec  .         Dismiss  .     (no ring)
rCorr  .         Reflect  .     (no ring)
SustAt .         Harm     .     (no ring)
MR     .....                    (no ring)
Stlth  ++........               (no ring)
                                (no ring)
                                (no ring)
                                (no ring)

@: lethally poisoned (0 -> -5), not resistant to hostile enchantments,
unstealthy
A: almost no armour, amphibious, 8 rings, constrict 8, camouflage 1, gelatinous
body 1
a: no special abilities


You were on level 2 of the Dungeon.
You were not hungry.

You visited 1 branch of the dungeon, and saw 2 of its levels.

You collected 93 gold pieces.

Inventory:

Missiles
 a - 33 arrows
 e - 13 arrows of dispersal
Scrolls
 g - a scroll of noise {unknown}
 i - 3 scrolls of teleportation
 j - a scroll of blinking {unknown}
 k - a scroll of magic mapping
 l - a scroll of enchant armour
Potions
 m - a potion of brilliance {unknown}
Books
 b - a book of Changes

   Spells                             Type                      Level
   a - Beastly Appendage              Transmutation                1
   b - Sticks to Snakes               Transmutation                2
   c - Spider Form                    Transmutation/Poison         3
   d - Ice Form                       Ice/Transmutation            4
   e - Blade Hands                    Transmutation                5
Comestibles
 c - 4 bread rations
 h - a beef jerky


   Skills:
 + Level 2.0 Fighting
 - Level 2.0 Dodging
 + Level 3.7 Unarmed Combat
 - Level 2.0 Spellcasting
 + Level 3.0 Transmutations


You had 6 spell levels left.
You knew the following spells:

 Your Spells              Type           Power        Failure   Level  Hunger
a - Beastly Appendage     Trmt           ##....       8%          1    #......


Dungeon Overview and Level Annotations

Branches:
Dungeon (2/15)

Altars:
Nemelex Xobeh


Innate Abilities, Weirdness & Mutations

You cannot wear most types of armour.
You are amphibious.
You can wear up to eight rings at the same time.
You can use your tentacles to constrict eight enemies at once.
Your skin changes colour to match your surroundings (Stealth).
Your rubbery body absorbs attacks (AC +1).


Message History

The adder closely misses you.
You continue eating.
The adder bites you.
You are poisoned.
The adder poisons you! The adder bites you.
* * * LOW HITPOINT WARNING * * *
You tentacle-slap the adder. You grab the adder.
The adder is heavily wounded.
You constrict the adder.
You feel sick. The adder bites you.
* * * LOW HITPOINT WARNING * * *
You tentacle-slap the adder.
The adder is almost dead.
You constrict the adder.
You kill the adder!
Your Fighting skill increases to level 2!
Your Transmutations skill increases to level 3!
You have reached level 4!
Drink which item? (? for menu, Esc to quit)
It was a potion of magic.
Magic courses through your body.
You die...

###
#..#####...###...###
#.........# .....#.
###.......# .......
#.$..##...........
##.#.#####.........
#....# ##.......
#..### ....... #..#
...... #.@# ...
#..(.†# .. .........
. .......... .
..........# .
..........# .
..........# .
..........#


There were no monsters in sight!

Vanquished Creatures
  2 adders (D:2)
  3 worms (D:2)
  A giant gecko (D:1)
  2 giant cockroaches
  3 hobgoblins
  4 kobolds
  A quokka (D:2)
  2 bats
  2 giant newts
  8 goblins
  5 rats
33 creatures vanquished.

Notes
Turn   | Place    | Note
--------------------------------------------------------------
     0 | D:1      | JokEr the Octopode Transmuter began the quest for the Orb.
     0 | D:1      | Reached XP level 1. HP: 13/13 MP: 3/3
   175 | D:1      | Reached XP level 2. HP: 15/18 MP: 3/5
   855 | D:2      | Reached XP level 3. HP: 22/24 MP: 4/6
  1194 | D:2      | Found a sparkling altar of Nemelex Xobeh.
  1276 | D:2      | HP: 1/24 [adder (5)]
  1277 | D:2      | Reached XP level 4. HP: 1/29 MP: 7/7
  1278 | D:2      | Succumbed to an adder's poison

Vault maps used:
D:1:      scummos_arrival_forest
D:2:      nemelex_altar_shiori, first_bread, uniq_natasha

Action                   |  1- 3 |  4- 6 || total
-------------------------+-------+-------++-------
Melee: Unarmed           |    79 |       ||    79
 Cast: Beastly Appendage |    19 |       ||    19
  Use: Scroll            |     7 |       ||     7
       Potion            |       |     1 ||     1
 Stab: Sleeping          |     4 |       ||     4
  Eat: Chunk             |     2 |       ||     2
